 Dungeon Crawl Stone Soup version 0.24.1 (webtiles) character file.

Game seed: 9776601030878441940, levelgen mode: deterministic

3746 funkygono the Twirler (level 9, 0/69 HPs)
             Began as a Demonspawn Abyssal Knight on Mar 22, 2020.
             Was a High Priest of Lugonu.
             Slain by Psyche
             ... wielding a +3 dagger of distortion
              (19 damage)
             ... on level 8 of the Dungeon.
             The game lasted 00:32:46 (10085 turns).

funkygono the Twirler (Demonspawn Abyssal Knight)  Turns: 10085, Time: 00:32:47

Health: 0/69       AC: 20    Str: 14    XL:     9   Next: 93%
Magic:  0/11       EV: 12    Int: 14    God:    Lugonu [*****.]
Gold:   191        SH:  0    Dex: 14    Spells: 8/9 levels left

rFire    . . .     SeeInvis .   i - +2 quarterstaff (chaos)
rCold    . . .     Gourm    .   (shield currently unavailable)
rNeg     . . .     Faith    .   q - +4 ring mail of the Equator {rPois}
rPois    +         Spirit   +   F - +2 hat
rElec    .         Reflect  .   k - +2 cloak
rCorr    .         Harm     .   G - +2 pair of gloves
MR       .....                  (boots currently unavailable)
Stlth    +++++.....             r - amulet of guardian spirit
HPRegen  0.21/turn              h - ring of flight
MPRegen  0.12/turn              L - ring of wizardry

@: about to teleport, appendage (expiring), marked
A: horns 1, talons 3, yellow scales 1, nightstalker 2
a: End Transformation, Depart the Abyss, Bend Space, Banish, Corrupt, Enter the
Abyss, Renounce Religion, Evoke Flight


You were on level 8 of the Dungeon.
You worshipped Lugonu.
Lugonu was extremely pleased with you.
You were very hungry.
You had grown temporary talons.
You visited 2 branches of the dungeon, and saw 9 of its levels.
You visited the Abyss 1 time.
You also visited: Ossuary.

You collected 437 gold pieces.
You spent 246 gold pieces at shops.

Inventory:

Hand Weapons
 a - a +1 mace
 d - a +0 hunting sling
 i - a +2 quarterstaff of chaos (weapon)
Missiles
 e - 231 stones (quivered)
 g - 99 bolts
 n - 43 sling bullets
 o - 53 arrows
Armour
 k - a +2 cloak (worn)
 q - the +4 ring mail of the Equator (worn) {rPois}
   (You found it on level 6 of the Dungeon)

   It protects you from poison.
 u - a +0 buckler
 x - a +2 pair of gloves
 F - a +2 hat (worn)
 G - a +2 pair of gloves (worn)
Jewellery
 h - a ring of flight (left hand)
 r - an amulet of guardian spirit (around neck)
 E - an uncursed amulet of rage
 I - an uncursed ring of stealth {unknown}
 L - a ring of wizardry (right hand)
Wands
 A - a wand of random effects (12)
Scrolls
 b - 2 scrolls of enchant armour
 f - 2 scrolls of amnesia
 j - a scroll of magic mapping
 m - 4 scrolls of remove curse
 p - 4 scrolls of teleportation
 y - 5 scrolls of identify
 J - a scroll of blinking
Potions
 l - 4 potions of might
 s - 4 potions of curing
 t - 2 potions of invisibility
 v - 3 potions of agility
 w - 2 potions of berserk rage
 z - 2 potions of degeneration
 B - a potion of mutation
 C - 4 potions of lignification
 D - 2 potions of flight
 H - 2 potions of ambrosia
Comestibles
 c - 16 rations


   Skills:
 + Level 6.2 Fighting
 + Level 4.3(6.4) Maces & Flails
 + Level 7.3(7.9) Staves
 + Level 4.2 Armour
 + Level 3.5 Dodging
 + Level 6.8 Stealth
 + Level 0.5 Spellcasting
 + Level 0.9 Transmutations
 * Level 3.2 Invocations
 + Level 0.2 Evocations


You had 8 spell levels left.
You knew the following spells:

 Your Spells              Type           Power        Failure   Level  Hunger
a - Beastly Appendage     Tmut           #.....       16%         1    ##.....

Your spell library contained the following spells:

 Spells                   Type           Power        Failure   Level  Hunger
 Sticks to Snakes         Tmut           #.......     22%         2    ###....
 Spider Form              Tmut/Pois      #.........   45%         3    ####...
 Ice Form                 Ice/Tmut       #.......     83%         4    #####..
 Blade Hands              Tmut           #.........   98%         5    ######.


Dungeon Overview and Level Annotations

Branches:
Dungeon (8/15)             Temple (1/1) D:4         Ossuary (visited)
   Lair: D:8-11

Altars:
Ashenzari
Dithmenos
Elyvilon
Fedhas
Gozag
Hepliaklqana
Kikubaaqudgha
Makhleb
Okawaru
Qazlal
Sif Muna
Trog
Uskayaw
Vehumet
Wu Jian
Yredelemnul
The Shining One

Shops:
D:5 (   D:6 ?

Annotations:
D:8 Prince Ribbit, Psyche


Innate Abilities, Weirdness & Mutations

You have a pair of small horns on your head.
You are partially covered in yellow scales. (AC +2)
You are significantly more attuned to the shadows.
You have claws for feet.


Message History

Your headbutt misses Psyche. Psyche hits you but does no damage. x2
Space warps horribly around you!!
You bludgeon Psyche!! Your kick misses Psyche. You headbutt Psyche.
Psyche is heavily wounded.
Prince Ribbit blinks!
Psyche hits you with a +3 dagger of distortion.
You feel strangely unstable.
A worker ant comes into view.
Psyche drinks a potion.
Psyche is healed!
Psyche hits you with a +3 dagger of distortion.
Space warps horribly around you!
* * * LOW HITPOINT WARNING * * *
Prince Ribbit blinks!
Psyche hits you but does no damage. Space bends around you.
* * * LOW HITPOINT WARNING * * *
You feel better.
Psyche hits you with a +3 dagger of distortion.
* * * LOW HITPOINT WARNING * * *
Space warps horribly around you!!
You die...

#..# #.# #.#.# ##..#
#.# #.#.##### #...#
##.# ##.#((...# #...#
#..# ##..(.###.#
###.#.# #.#####.....##
#...#.# #.##....§.(..#
..<.#.# #.##.##...).##
#'###.#####.##.###...##
...##>##........@@..##
.[.##.##.####..###5##
...##......†...# #.#
...#####.####.## #.#
.).#####.# #.# #a#
_._##.>..# #.. ...
########## #..# #..#


You could see Psyche and a shadow imp.

Vanquished Creatures
  Sigmund (D:2)
  A wraith (Ossuary)
  Menkaure (D:7)
  A hungry ghost (D:3)
  A water moccasin (D:7)
  An ice beast (D:7)
  An orc warrior (D:8)
  2 sky beasts
  A black bear (D:6)
  3 phantoms
  5 ogres
  4 centaurs
  A big kobold (D:7)
  2 bullfrogs
  3 scorpions
  A howler monkey (D:5)
  5 crimson imps
  3 orc priests
  A bullfrog skeleton (D:7)
  A hound (D:6)
  3 jellies
  Crazy Yiuf (D:2)
  2 iguanas
  Terence (D:2)
  3 orc wizards
  9 worker ants
  4 mummies
  3 worker ant zombies (D:6)
  A howler monkey zombie (D:5)
  5 gnolls
  11 adders
  2 shadow imps
  An ooze (D:2)
  2 adder skeletons
  3 worms
  A dart slug (D:2)
  7 leopard geckos
  19 orcs
  6 giant cockroaches
  7 hobgoblins
  19 jackals
  20 kobolds
  3 quokkas
  4 ball pythons
  A ball python skeleton (D:4)
  3 bats
  11 frilled lizards
  8 goblins
  A goblin zombie (Ossuary)
  4 hobgoblin zombies
  6 kobold zombies (Ossuary)
  A leopard gecko skeleton (D:4)
  2 quokka skeletons (D:5)
  8 rats
221 creatures vanquished.

Vanquished Creatures (others)
  A gnoll (D:7)
1 creature vanquished.

Grand Total: 222 creatures vanquished

Notes
Turn   | Place    | Note
-------+----------+-------------------------------------------
     0 | Abyss:1  | funkygono the Demonspawn Abyssal Knight began the quest for
                  | the Orb.
     0 | Abyss:1  | Reached XP level 1. HP: 18/18 MP: 2/2
    14 | D:1      | Escaped the Abyss
   360 | D:1      | Gained mutation: You are slightly more attuned to the
                  | shadows. [demonic ancestry]
   360 | D:1      | Reached XP level 2. HP: 24/24 MP: 3/3
   860 | D:1      | Reached ** piety under Lugonu
   860 | D:1      | Reached skill level 1 in Dodging
  1345 | D:2      | Reached XP level 3. HP: 29/29 MP: 4/4
  1641 | D:2      | Noticed Terence
  1658 | D:2      | HP: 1/29 [Terence/+0 short sword (2)]
  1666 | D:2      | Killed Terence
  1666 | D:2      | Reached XP level 4. HP: 26/37 MP: 5/5
  1667 | D:2      | Reached skill level 1 in Stealth
  1871 | D:2      | Noticed Sigmund
  1883 | D:2      | HP: 1/37 [something (1)]
  1891 | D:2      | HP: 2/55 [something/puff of flame (1)]
  1908 | D:2      | Killed Sigmund
  1908 | D:2      | Gained mutation: You are significantly more attuned to the
                  | shadows. [demonic ancestry]
  1908 | D:2      | Reached XP level 5. HP: 4/42 MP: 6/6
  2391 | D:2      | Gained mutation: You have a pair of small horns on your
                  | head. [demonic ancestry]
  2391 | D:2      | Reached XP level 6. HP: 48/48 MP: 7/7
  2539 | D:2      | Found a runed translucent door.
  2541 | D:2      | Noticed Crazy Yiuf
  2587 | D:2      | Killed Crazy Yiuf
  2983 | D:3      | Noticed a hungry ghost
  2995 | D:3      | Killed a hungry ghost
  3705 | D:3      | Reached skill level 1 in Staves
  3750 | D:3      | Gained mutation: You are partially covered in yellow
                  | scales. (AC +2) [demonic ancestry]
  3750 | D:3      | Reached XP level 7. HP: 41/55 MP: 9/9
  3862 | D:3      | Reached *** piety under Lugonu
  4465 | D:4      | Reached skill level 2 in Staves
  5158 | D:4      | Reached skill level 3 in Staves
  5291 | D:4      | Found a glowing golden altar of the Shining One.
  5303 | D:4      | Found a staircase to the Ecumenical Temple.
  5413 | Temple   | Entered the Ecumenical Temple
  5827 | D:4      | Found a hide-covered altar of Uskayaw.
  6188 | D:4      | Reached XP level 8. HP: 53/61 MP: 8/10
  6466 | D:5      | Entered Level 5 of the Dungeon
  6474 | D:5      | Found an opulent altar of Gozag.
  6663 | D:5      | Reached skill level 5 in Fighting
  6669 | D:5      | Reached skill level 4 in Staves
  6996 | D:5      | Reached **** piety under Lugonu
  7012 | D:5      | Reached skill level 5 in Stealth
  7097 | D:5      | Found a stormy altar of Qazlal.
  7100 | D:5      | Noticed an air elemental
  7249 | D:5      | Found Ratyng's Weapon Boutique.
  7397 | D:5      | Reached skill level 5 in Staves
  7519 | D:6      | Got a heavily runed ring mail
  7530 | D:6      | Identified the +4 ring mail of the Equator {rPois} (You
                  | found it on level 6 of the Dungeon)
  7615 | D:6      | Found Wure's Magic Scroll Boutique.
  7869 | D:6      | Reached XP level 9. HP: 65/68 MP: 11/11
  7872 | D:6      | Learned a level 1 spell: Beastly Appendage
  8295 | D:6      | Reached skill level 6 in Staves
  8365 | D:6      | Bought a scroll of enchant armour for 82 gold pieces
  8365 | D:6      | Bought a scroll of enchant armour for 82 gold pieces
  8365 | D:6      | Bought a scroll of enchant armour for 82 gold pieces
  8702 | D:7      | Noticed Menkaure
  8739 | D:7      | Killed Menkaure
  8852 | D:7      | Found a sand-covered staircase.
  8857 | Ossuary  | Entered an ossuary
  9276 | D:7      | Reached ***** piety under Lugonu
  9493 | D:7      | Reached skill level 7 in Staves
 10029 | D:8      | Found a bloodstained altar of Trog.
 10029 | D:8      | Found an iron altar of Okawaru.
 10072 | D:8      | Noticed Prince Ribbit
 10075 | D:8      | Noticed Psyche
 10085 | D:8      | Slain by Psyche

Levels and vault maps discovered:
D:1:      lemuel_arrival_river_bridge, layout_basic, serial_forest,
          infiniplex_forest_lined_room_2, infiniplex_forest_zigzag_1,
          infiniplex_forest_clump_long, infiniplex_forest_lined_room_3,
          st_stairs_14, chequers_serial_rivers_micro_b, minmay_small_reverse_x
D:2:      layout_basic, first_ration, serial_forest,
          infiniplex_forest_clump_tiny, infiniplex_forest_end_2,
          infiniplex_forest_lined_1, infiniplex_forest_corner_2,
          infiniplex_forest_end_2, infiniplex_forest_end_2,
          infiniplex_forest_split, uniq_crazy_yiuf_cottage, uniq_sigmund,
          uniq_terence
D:3:      layout_loops_ring
D:4:      layout_basic, tso_oasis_becter, eat_drink_and_be_merry_uskayaw,
          minmay_temple_entry_slanted, serial_glass, glass_columns_b,
          glass_columns_c, glass_columns_a, due_unseen_surprise,
          item_on_display_a, minmay_strange_pillars, feat_on_display,
          patterned_corridor
D:5:      layout_loops_corners, old_standard_altar, serial_shops,
          kennysheep_mini, nicolae_qazlal_style_of_elements
D:6:      layout_basic, nicolae_overflow_hidden_temple, serial_shops,
          nicolae_shop_waterfront
D:7:      layout_cave_pools, nicolae_ossuary_entry_giza, enter_bailey_3,
          uniq_menkaure
D:8:      layout_loops_ring, grunt_temple_overflow_bloody_war,
          lemuel_crystal_altar, serial_shops, kennysheep_little_box,
          uniq_psyche, uniq_gastronok, uniq_prince_ribbit1
Temple:   minmay_temple_forest_path

Skill      XL: |  1  2  3  4  5  6  7  8  9 |
---------------+----------------------------+-----
Maces & Flails | 2 3 4 |  4.3
Dodging        | 1 2 3 |  3.5
Armour         | 2 3 4 |  4.2
Stealth        | 1 2 3 5 6 |  6.8
Fighting       | 4 5 6 |  6.2
Staves         | 1 3 5 7 |  7.3
Invocations    | 3 |  3.2
Spellcasting   | |  0.5
Transmutations | |  0.9
Evocations     | |  0.2

Action                   |  1- 3 |  4- 6 |  7- 9 || total
-------------------------+-------+-------+-------++-------
Melee: Mace              |   151 |    88 |       ||   239
       Quarterstaff      |       |    52 |   442 ||   494
       Headbutt          |       |     8 |    60 ||    68
       Kick              |       |       |     7 ||     7
 Cast: Beastly Appendage |       |       |     6 ||     6
Invok: Bend Space        |       |     3 |     6 ||     9
 Abil: Evoke Flight      |     1 |       |       ||     1
  Use: Scroll            |     4 |     1 |    18 ||    23
       Potion            |     1 |     2 |     1 ||     4
 Stab: Sleeping          |     5 |     8 |    49 ||    62
       Paralysed         |       |     1 |     5 ||     6
       Confused          |       |       |     6 ||     6
       Distracted        |       |       |     1 ||     1
       Petrifying        |       |       |     2 ||     2
  Eat: Chunk             |     3 |     5 |    13 ||    21
       Ration            |       |     1 |     2 ||     3
Armor: Leather armour    |    38 |    36 |    59 ||   133
       Skin              |       |    18 |       ||    18
       Ring mail         |       |       |   111 ||   111
Dodge: Dodged            |    75 |    81 |   188 ||   344
